 Dungeon Crawl Stone Soup version 0.28.0-1-gb440e238dd (webtiles) character file.

Game seed: 5741202550303080894

83 cbfl8 the Sneak (level 4, -9/40 HPs)
             Began as a Hill Orc Delver on Feb 26, 2022.
             Mangled by an ogre (20 damage)
             ... on level 4 of the Dungeon.
             The game lasted 00:05:00 (2790 turns).

cbfl8 the Sneak (Hill Orc Delver)                   Turns: 2790, Time: 00:05:01

Health: -9/40      AC: 11    Str: 16    XL:     4   Next: 44%
Magic:  0/4        EV:  5    Int: 10    God:
Gold:   63         SH:  0    Dex: 12    Spells: 3/3 levels left

rFire   + . .      SeeInvis .   a - +0 hand axe
rCold   . . .      Faith    .   (no shield)
rNeg    . . .      Spirit   +   m - +0 plate armour
rPois   .          Reflect  .   (no helmet)
rElec   .          Harm     .   (no cloak)
rCorr   .          Rampage  .   (no gloves)
Will    .....                   k - +0 pair of boots
Stlth   ..........              l - amulet of guardian spirit
HPRegen 0.13/turn               n - ring of protection from fire
MPRegen 0.09/turn               (no ring)

@: no status effects
A: no striking features
a: no special abilities


You were on level 4 of the Dungeon.
You visited 1 branch of the dungeon, and saw 6 of its levels.

You collected 63 gold pieces.

Inventory:

Hand Weapons
 a - a +0 hand axe (weapon)
Armour
 b - a +0 leather armour
 j - a +0 scale mail
 k - a +0 pair of boots (worn)
 m - a +0 plate armour (worn)
Jewellery
 l - an amulet of guardian spirit (around neck)
 n - a ring of protection from fire (left hand)
Wands
 g - a wand of digging (6)
Scrolls
 c - 2 scrolls of fog
 d - a scroll of magic mapping
 e - a scroll of fear
 h - a scroll of immolation {unknown}
 i - a scroll of teleportation {unknown}
Potions
 f - 2 potions of haste
 o - a potion of magic {unknown}
 p - a potion of degeneration {unknown}
 q - a potion of flight {unknown}


   Skills:
 + Level 4.1 Fighting
 + Level 3.8 Axes
 + Level 1.7 Armour
 + Level 1.8 Dodging
 + Level 4.5 Stealth


You had 3 spell levels left.
You didn't know any spells.
Your spell library contained the following spells:

 Spells                   Type           Power      Damage    Failure   Level
 Freezing Cloud           Conj/Ice/Air   0%         6-21      100%        5
 Simulacrum               Ice/Necr       0%         N/A       100%        6
 Polar Vortex             Ice            0%         N/A       100%        9


Dungeon Overview and Level Annotations

Branches:
Dungeon (6/15)
 Temple: D:4-7

Altars:

Shops:
D:1 *


Message History

You hit the endoplasm.
The endoplasm is heavily wounded.
The endoplasm hits you but does no damage.
You hit the endoplasm.
You kill the endoplasm!
Found a scroll labelled XIDGHIMI CAUFF.
Found 15 bolts.
Found a scroll labelled ILETIC OSOOFF.
An ogre comes into view. It is wielding a +0 giant spiked club.
The ogre shouts!
You see here 15 bolts.
The ogre hits you with a +0 giant spiked club!
You hit the ogre.
The ogre is lightly wounded.
You hit the ogre.
The ogre is lightly wounded.
The ogre hits you with a +0 giant spiked club!
You hit the ogre.
The ogre is moderately wounded.
The ogre hits you but does no damage.
You hit the ogre.
The ogre is heavily wounded.
The ogre barely misses you.
You hit the ogre.
The ogre is heavily wounded.
The ogre completely misses you.
You slash the ogre!
The ogre is almost dead.
The ogre barely misses you.
You barely miss the ogre.
The ogre is almost dead.
The ogre hits you with a +0 giant spiked club!
* * * LOW HITPOINT WARNING * * *
You hit the ogre but do no damage.
The ogre is almost dead.
You hit the ogre.
The ogre is almost dead.
The ogre hits you with a +0 giant spiked club!!
Ouch! That really hurt!
You die...

...?..#
#...#.#.#####....#...
#...#.#.............#
#...#.##............#
##...#.##............#
.....#.##............#
#....#.##............#
#.......#............#
##.............(@O.?.#
##....###............#
##....# ##############
##....# ##....#
##....# #####.# # #.#
# #.#


You could see an ogre.

Vanquished Creatures
  Terence (D:3)
  An adder (D:3)
  A worm (D:2)
  3 dart slugs
  4 bats
  7 endoplasms
  A giant cockroach (D:3)
  3 goblins
  2 hobgoblins
  3 jackals (D:3)
  2 quokkas
  3 ball pythons
  4 frilled lizards
  2 kobolds
  4 rats (D:1)
41 creatures vanquished.

Notes
Turn   | Place    | Note
-------+----------+-------------------------------------------
     0 | D:5      | cbfl8 the Hill Orc Delver began the quest for the Orb.
     0 | D:5      | Reached XP level 1. HP: 19/19 MP: 1/1
     3 | D:6      | Noticed a wyvern zombie
   249 | D:2      | Reached XP level 2. HP: 21/27 MP: 2/2
   422 | D:1      | Found Zivaedgh's General Store.
   763 | D:1      | Reached XP level 3. HP: 31/33 MP: 3/3
  1623 | D:3      | Reached skill level 1 in Armour
  1949 | D:3      | Found a faded altar of an unknown god.
  2157 | D:3      | Reached XP level 4. HP: 36/40 MP: 4/4
  2368 | D:3      | Noticed Terence
  2385 | D:3      | Killed Terence
  2778 | D:4      | Noticed an ogre
  2790 | D:4      | Mangled by an ogre

Illustrated notes

Levels and vault maps discovered:
D:1:      dpeg_arrival_yet_another_circle, layout_basic, serial_shops, shop
D:2:      layout_loops_ring
D:3:      layout_loops_ring, shapermc_ecumenical_altar_totnotflames,
          uniq_terence
D:4:      layout_basic, serial_shops, nicolae_shop_statue_plus, kennysheep_dice,
          uniq_pikel
D:5:      layout_gridville, overflow_temple_1_default, uniq_grinder
D:6:      minmay_evil_eye, layout_loops_ring

Skill      XL: |  1  2  3 |
---------------+----------+-----
Axes           | 3 |  3.8
Fighting       | 4 |  4.1
Armour         | 1 |  1.7
Dodging        | |  1.8
Stealth        | |  4.5

Action                   |  1- 3 |  4- 6 || total
-------------------------+-------+-------++-------
Melee: Hand axe          |   134 |    29 ||   163
       Punch             |     4 |       ||     4
 Stab: Sleeping          |     3 |       ||     3
Armor: Leather armour    |     9 |       ||     9
       Scale mail        |    12 |       ||    12
       Plate armour      |    61 |    15 ||    76
Dodge: Dodged            |    67 |     6 ||    73
